 Dungeon Crawl Stone Soup version 0.28-a0-1629-gf728b707aa (webtiles) character file.

Game seed: 137373947870511726

501 Shayle the Skirmisher (level 6, -4/51 HPs)
             Began as a Demonspawn Warper on Jan 24, 2022.
             Slain by an ogre (28 damage)
             ... on level 4 of the Dungeon.
             The game lasted 00:12:02 (6104 turns).

Shayle the Skirmisher (Demonspawn Warper)           Turns: 6104, Time: 00:12:03

Health: -4/51      AC: 11    Str: 12    XL:     6   Next: 95%
Magic:  9/9        EV: 11    Int: 16    God:
Gold:   163        SH:  0    Dex: 14    Spells: 9/9 levels left

rFire   . . .      SeeInvis .     - Unarmed
rCold   . . .      Faith    .   (no shield)
rNeg    . . .      Spirit   .   u - +2 leather armour of Muzar {Int+2}
rPois   .          Reflect  .   (helmet restricted)
rElec   .          Harm     .   (no cloak)
rCorr   .          Rampage  .   i - +0 pair of gloves
Will    .....                   d - +0 pair of boots
Stlth   ++........              (no amulet)
HPRegen 0.17/turn               b - +4 ring of protection
MPRegen 0.11/turn               (no ring)

@: studying Slings
A: antennae 1, hooves 1, foul stench 1
a: no special abilities


You were on level 4 of the Dungeon.
You visited 1 branch of the dungeon, and saw 4 of its levels.

You collected 163 gold pieces.

Inventory:

Hand Weapons
 c - a +0 antimagic short sword
 s - a +0 vampiric long sword
 v - a +2 hand axe of flaming
Missiles
 e - 2 poisoned darts (quivered)
 h - 5 boomerangs
 n - 3 silver javelins
 x - 19 sling bullets
Armour
 d - a +0 pair of boots (worn)
 g - a +1 animal skin
 i - a +0 pair of gloves (worn)
 j - a +0 ring mail
 p - a +0 helmet of see invisible
 q - a +1 robe of the Archmagi
 u - the +2 leather armour of Muzar (worn) {Int+2}
   (You found it on level 4 of the Dungeon)

   Int:       It affects your intelligence (+2).
 w - a +4 scale mail of willpower
Jewellery
 b - a +4 ring of protection (left hand)
 r - a ring of ice
Scrolls
 a - a scroll of acquirement {unknown}
 f - a scroll of immolation
 k - a scroll of noise {unknown}
 t - a scroll of holy word {unknown}
Potions
 l - a potion of resistance
 m - a potion of curing
 o - a potion of degeneration {unknown}
 z - a potion of invisibility


   Skills:
 + Level 5.0 Fighting
 - Level 0.8 Throwing
 - Level 0.8 Armour
 - Level 1.7 Dodging
 - Level 2.7 Stealth
 + Level 4.6 Unarmed Combat
 - Level 2.0 Spellcasting
 - Level 2.6 Translocations


You had 9 spell levels left.
You didn't know any spells.
Your spell library contained the following spells:

 Spells                   Type           Power      Damage    Failure   Level
 Blink                    Tloc           20%        N/A       13%         2
 Gell's Gravitas          Tloc           10%        N/A       26%         3
 Lesser Beckoning         Tloc           10%        N/A       26%         3
 Teleport Other           Tloc           10%        N/A       26%         3
 Manifold Assault         Tloc           10%        N/A       94%         5


Dungeon Overview and Level Annotations

Branches:
Dungeon (4/15)
 Temple: D:4-7

Altars:
Okawaru
Ru
Sif Muna

Annotations:
D:3 2 runed translucent doors


Innate Abilities, Weirdness & Mutations

You have a pair of small antennae on your head.
You have large cloven feet.
You may rarely emit foul miasma when damaged in melee.


Message History

The black bear closely misses you.
You hit the black bear but do no damage.
You punch the black bear.
The black bear is severely wounded.
The black bear misses you.
The black bear claws you but does no damage.
The black bear claws you.
You hit the black bear.
The black bear is almost dead.
You hit the black bear.
The black bear is almost dead.
The black bear closely misses you. The black bear barely misses you. x2
You hit the black bear.
You kill the black bear!
Your Fighting skill increases to level 5!
You hit the hobgoblin but do no damage. The hobgoblin barely misses you.
You hit the hobgoblin but do no damage. The hobgoblin hits you.
You barely miss the hobgoblin.
The hobgoblin hits you but does no damage.
You hit the hobgoblin.
The hobgoblin is moderately wounded.
The hobgoblin hits you.
You hit the hobgoblin.
The hobgoblin is severely wounded.
You hit the hobgoblin but do no damage. Your punch misses the hobgoblin.
The hobgoblin is severely wounded.
The hobgoblin drinks a potion.
The hobgoblin is healed!
An ogre comes into view. It is wielding a +0 giant club.
You hit the hobgoblin but do no damage.
The hobgoblin hits you but does no damage.
You hit the hobgoblin.
You kill the hobgoblin!
Things that are here:
a +0 ring mail; a black bear corpse; a ball python corpse You hit the ogre but do no damage.
The ogre hits you with a +0 giant club!
You hit the ogre.
The ogre is moderately wounded.
The ogre hits you with a +0 giant club!!
Ouch! That really hurt!
You die...

#.......#
#.#.......#
#.'.......+
#.#.......#
.'
#####'### .
#..# ##.##
#.O# ##@#
#[# #.##
#..#
###.###.##.
#..........
#.##.##.###
#.# ..# #.#
#.#


You could see an ogre.

Vanquished Creatures
  A black bear (D:4)
  A phantom (D:4)
  A hound (D:3)
  3 orc priests
  Jessica (D:3)
  Terence (D:3)
  Robin (D:3)
  7 adders
  A worm (D:2)
  3 dart slugs
  6 orcs
  3 ball pythons
  3 endoplasms
  5 giant cockroaches
  8 goblins
  4 hobgoblins
  3 jackals (D:2)
  2 quokkas
  4 bats
  5 frilled lizards
  7 kobolds
  6 rats
76 creatures vanquished.

Notes
Turn   | Place    | Note
-------+----------+-------------------------------------------
     0 | D:1      | Shayle the Demonspawn Warper began the quest for the Orb.
     0 | D:1      | Reached XP level 1. HP: 16/16 MP: 3/3
   414 | D:1      | Discovered your monstrous ancestry.
   414 | D:1      | Gained mutation: You have large cloven feet. [demonic
                  | ancestry]
   414 | D:1      | Reached XP level 2. HP: 20/22 MP: 5/5
   630 | D:1      | Reached skill level 1 in Stealth
  1217 | D:1      | Found a faded altar of an unknown god.
  2040 | D:2      | Gained mutation: You may rarely emit foul miasma when
                  | damaged in melee. [demonic ancestry]
  2040 | D:2      | Reached XP level 3. HP: 28/28 MP: 6/6
  2754 | D:3      | Found an iron altar of Okawaru.
  2972 | D:3      | Found a shimmering blue altar of Sif Muna.
  3006 | D:3      | Noticed Robin
  3029 | D:3      | Reached XP level 4. HP: 34/34 MP: 7/7
  3042 | D:3      | Killed Robin
  3043 | D:3      | Reached skill level 3 in Fighting
  3319 | D:3      | Noticed Jessica
  3337 | D:3      | Killed Jessica
  3630 | D:2      | Reached XP level 5. HP: 6/41 MP: 8/8
  4254 | D:3      | Identified the -3 cloak of Zacuutow {Dex+2}
  4779 | D:4      | Identified the +2 leather armour of Muzar {Int+2}
  4796 | D:4      | Noticed a phantom
  4830 | D:2      | Reached skill level 4 in Fighting
  4845 | D:3      | Gained mutation: You have a pair of small antennae on your
                  | head. [demonic ancestry]
  4845 | D:3      | Reached XP level 6. HP: 19/48 MP: 9/9
  5198 | D:3      | Noticed Terence
  5239 | D:3      | Killed Terence
  5498 | D:3      | Found a large runed translucent door.
  5507 | D:3      | Found a large runed translucent door.
  5803 | D:4      | Found a sacrificial altar of Ru.
  6093 | D:4      | Reached skill level 5 in Fighting
  6104 | D:4      | Slain by an ogre

Illustrated notes

Levels and vault maps discovered:
D:1:      amcnicky_arrival_choice, layout_basic, basic_ecumenical_altar,
          chequers_serial_rivers_small_3, dk_noncrumbling_4
D:2:      layout_basic
D:3:      layout_loops_ring, jmf_multi_god_temple2, mainiacjoe_overflow_swirl,
          uniq_terence, uniq_jessica, uniq_robin
D:4:      layout_basic, nicolae_overflow_crystal_walls

Skill      XL: |  1  2  3  4  5  6 |
---------------+-------------------+-----
Unarmed Combat | 2 3 4 |  4.6
Stealth        | 1 2 |  2.7
Fighting       | 3 4 5 |  5.0
Throwing       | |  0.8
Armour         | |  0.8
Dodging        | |  1.7
Spellcasting   | |  2.0
Translocations | |  2.6

Action                   |  1- 3 |  4- 6 || total
-------------------------+-------+-------++-------
Melee: Unarmed           |   204 |   288 ||   492
       Punch             |     7 |     5 ||    12
Throw: Boomerang         |     1 |     4 ||     5
       Dart              |       |     1 ||     1
  Use: Potion            |     1 |     3 ||     4
       Scroll            |     1 |     3 ||     4
 Stab: Sleeping          |     1 |     2 ||     3
Armor: Leather armour    |    25 |    53 ||    78
       Ring mail         |    95 |    10 ||   105
       Animal skin       |       |     6 ||     6
       Robe              |       |    61 ||    61
       Skin              |       |     1 ||     1
Dodge: Dodged            |   113 |   144 ||   257

Table legend: (Time is in decaauts)
 A = Elapsed time spent in this place.
 B = Non-inter-level travel time spent in this place.
 C = Inter-level travel time spent in this place.
 D = Time resting spent in this place.
 E = Time spent auto-exploring this place.
 F = Levels seen in this place.
 G = Mean time per level.
                   A        B        C        D        E       F      G
               +--------+--------+--------+--------+--------+-----+--------+
         Total |   6093 |   5935 |    158 |   2260 |   2275 |   4 | 1523.2 |
       Dungeon |   6093 |   5935 |    158 |   2260 |   2275 |   4 | 1523.2 |
               +--------+--------+--------+--------+--------+-----+--------+

Top non-repeatable levels by time:
     D:3: 2175 daAuts
     D:1: 1896 daAuts
     D:2: 1430 daAuts
     D:4: 590 daAuts
